 Dungeon Crawl Stone Soup version 0.24-a0-521-g122614bf49 (console) character file.

Game seed: 17559434965000375865

13384 nht the Slicer (level 11, -4/78 HPs)
             Began as a Vampire Assassin on July 28, 2019.
             Was a Believer of Ashenzari.
             Hit by a large rock thrown by a cyclops (21 damage)
             ... on level 11 of the Dungeon.
             The game lasted 00:25:35 (8410 turns).

nht the Slicer (Vampire Assassin)                   Turns: 8410, Time: 00:25:36

Health: -4/78      AC: 18    Str: 11    XL:     11   Next: 74%
Magic:  15/15      EV: 15    Int: 17    God:    Ashenzari [**....]
Gold:   489        SH:  0    Dex: 17    Spells: 7/10 levels left

rFire    . . .     SeeInvis +   a - +2 short sword (elec) (curse)
rCold    . . .     Gourm    .   (no shield)
rNeg     + . .     Faith    .   f - +0 ring mail (curse)
rPois    .         Spirit   .   t - +0 helmet
rElec    .         Reflect  .   e - +1 cloak {+Inv}
rCorr    .         Harm     .   l - +0 pair of gloves
MR       +....                  n - +1 pair of boots
Stlth    +.........             (no amulet)
HPRegen  0.43/turn              w - ring of positive energy (curse)
MPRegen  0.14/turn              r - +6 ring of protection (curse)

@: confused, very slightly contaminated, regenerating quickly
A: no food, fangs 3, rugged brown scales 1, see invisible, clever 1, frail 1,
low mp 1, unbreathing
a: Exsanguinate, Curse Item, Scrying, Renounce Religion, Evoke Invisibility


You were on level 11 of the Dungeon.
You worshipped Ashenzari.
Ashenzari was pleased with you.
You were alive.

You visited 2 branches of the dungeon, and saw 12 of its levels.

You collected 489 gold pieces.

Inventory:

Hand Weapons
 a - a cursed +2 short sword of electrocution (weapon)
Missiles
 d - 54 poisoned darts
 q - a curare-tipped dart (quivered)
 y - 15 boomerangs
 G - 5 throwing nets
Armour
 e - a +1 cloak of invisibility (worn)
 f - a cursed +0 ring mail (worn)
 l - a +0 pair of gloves (worn)
 n - a +1 pair of boots (worn)
 t - a +0 helmet (worn)
Magical Staves
 H - an uncursed staff of poison
Jewellery
 r - a cursed +6 ring of protection (right hand)
 w - a cursed ring of positive energy (left hand)
Wands
 b - a wand of acid (2)
 k - a wand of enslavement (5)
 D - a wand of polymorph (2)
 I - a wand of iceblast (3)
Scrolls
 g - 6 scrolls of teleportation
 s - 2 scrolls of magic mapping
 v - 2 scrolls of blinking
 x - a scroll of amnesia
 B - a scroll of fog
 C - 2 scrolls of identify
Potions
 h - 2 potions of magic
 i - 2 potions of brilliance
 j - a potion of heal wounds
 m - 2 potions of lignification
 o - a potion of haste
 p - 2 potions of might
 u - a potion of cancellation
 z - a potion of berserk rage
 A - 2 potions of resistance
 E - a potion of curing
 F - 5 potions of flight
Miscellaneous
 J - a fan of gales


   Skills:
 - Level 7.0 Fighting
 - Level 12.0(14.0) Short Blades
 - Level 6.0 Throwing
 - Level 8.1 Dodging
 + Level 12.0 Stealth
 - Level 2.2(3.4) Hexes
 + Level 7.6(9.1) Evocations


You had 7 spell levels left.
You knew the following spells:

 Your Spells              Type           Power        Failure   Level  Hunger
a - Spectral Weapon       Hex/Chrm       #.......     63%         3    N/A

Your spell library contained the following spells:

 Spells                   Type           Power        Failure   Level  Hunger
 Infusion                 Chrm           #...         50%         1    N/A
 Shroud of Golubria       Chrm/Tloc      #.....       63%         2    N/A
 Song of Slaying          Chrm           #.......     63%         2    N/A
 Regeneration             Chrm/Necr      #.........   86%         3    N/A

Dungeon Overview and Level Annotations

Branches:
Dungeon (11/15)            Temple (1/1) D:7            Lair (0/6) D:8
    Orc: D:9-12

Altars:
Ashenzari
Cheibriados
Dithmenos
Elyvilon
Fedhas
Gozag
Hepliaklqana
Kikubaaqudgha
Makhleb
Nemelex Xobeh
Okawaru
Qazlal
Ru
Sif Muna
Trog
Uskayaw
Vehumet
Wu Jian
Xom
Yredelemnul
Zin
The Shining One

Shops:
D:6 :   D:11 (

Annotations:
D:6 5 runed translucent doors


Innate Abilities, Weirdness & Mutations

You do not eat.
Your natural rate of healing is unusually fast.
You have razor-sharp teeth.
You have supernaturally acute eyesight. (SInv)
You can survive without breathing.
You are partially covered in rugged brown scales. (AC +1, +3% HP)
Your mind is acute. (Int +2)
You are frail. (-10% HP)
Your magical capacity is low. (-10% MP)


Message History

The phantom hits you but does no damage.
Your wraith hits the phantom.
Your wraith drains the phantom's vigour!
The phantom seems to slow down.
You hit the phantom. Lightning courses through the phantom!!
You bite the phantom.
The phantom is severely damaged.
The cyclops throws a large rock.
The large rock barely misses your wraith.
The large rock hits you!!
* * * LOW HITPOINT WARNING * * *
You are confused.
You feel invigorated.
The phantom hits you but does no damage.
Your wraith misses the phantom.
The cyclops throws a large rock.
The large rock hits your wraith!
Your wraith is destroyed!
The phantom barely misses you.
The cyclops throws a large rock.
The large rock hits you!!
You die...

* * * , * , ,, , ,
██. * , , ████.. , ,
██.█..█ , █.....█ ,
, ██.█..████ , .
██......(.███████
..█......((C'.....█
'....^..@.W.█████..,
* █..).§......█
█.....☼☼§...█ * *
█.$.°°....∩.█ ,
█....☼§○§...██ *
████████§....█ * ,
██████████.██ █, ***
█.....[.....█ ███.██
* +...........█
█.....


You could see a cyclops and a phantom.

Vanquished Creatures
  Josephine (D:11)
  Harold (D:9)
  A two-headed ogre (D:9)
  An unseen horror (D:11)
  An ugly thing (D:11)
  2 centaur zombies
  Maurice (D:8)
  A gargoyle (D:11)
  2 trolls (D:9)
  Prince Ribbit (D:6)
  3 slime creatures (D:8)
  A blink frog (D:9)
  A hippogriff (D:11)
  A wyvern (D:10)
  11 yaks
  A wraith (D:11)
  A human (D:7)
  3 hogs (D:7)
  A hungry ghost (D:11)
  A soldier ant (D:11)
  Duvessa (D:6)
  A water moccasin (D:9)
  3 porcupines (D:8)
  2 orc warriors
  2 sky beasts
  2 ice beasts
  5 black bears
  An ogre (D:5)
  3 centaurs
  2 big kobolds
  4 bullfrogs
  A water moccasin skeleton (D:4)
  2 scorpions
  Dowan (D:6)
  6 killer bees (D:9)
  5 wights (D:4)
  2 crimson imps
  2 quasits
  6 orc priests
  7 orc wizards
  7 jellies
  8 hounds
  Terence (D:2)
  2 iguanas
  4 worker ants
  A killer bee zombie (D:6)
  A hound zombie (D:7)
  2 hound skeletons
  A worker ant zombie (D:9)
  3 gnolls (D:7)
  13 adders
  2 shadow imps
  9 oozes
  An adder skeleton (D:4)
  3 worms
  2 dart slugs
  5 leopard geckos
  28 orcs
  3 giant cockroaches
  4 goblins
  6 hobgoblins
  15 jackals
  21 kobolds
  4 quokkas
  A ball python (D:2)
  6 bats
  5 frilled lizards
  A leopard gecko skeleton (D:5)
  3 rats
256 creatures vanquished.

Vanquished Creatures (collateral kills)
  A wraith (D:11)
1 creature vanquished.

Vanquished Creatures (others)
  2 wraiths (D:11)
  7 fungi (D:8)
  8 toadstools (D:8)
17 creatures vanquished.

Grand Total: 274 creatures vanquished

Notes
Turn   | Place    | Note
-------+----------+-------------------------------------------
     0 | D:1      | nht the Vampire Assassin began the quest for the Orb.
     0 | D:1      | Reached XP level 1. HP: 16/16 MP: 1/1
    74 | D:1      | Reached XP level 2. HP: 22/22 MP: 2/2
   710 | D:1      | Reached XP level 3. HP: 26/27 MP: 3/3
  1328 | D:2      | Noticed Terence
  1376 | D:2      | Reached XP level 4. HP: 26/33 MP: 4/4
  1479 | D:2      | Killed Terence
  1479 | D:2      | Reached skill level 5 in Short Blades
  2268 | D:4      | Reached XP level 5. HP: 38/38 MP: 5/5
  2368 | D:4      | Reached XP level 6. HP: 41/44 MP: 6/6
  2504 | D:4      | Gained mutation: Your magical capacity is low. (-10% MP)
                  | [potion of mutation]
  2504 | D:4      | Gained mutation: You are frail. (-10% HP) [potion of
                  | mutation]
  2504 | D:4      | Gained mutation: You are partially covered in rugged brown
                  | scales. (AC +1, +3% HP) [potion of mutation]
  2504 | D:4      | Gained mutation: Your mind is acute. (Int +2) [potion of
                  | mutation]
  2505 | D:4      | Reached skill level 5 in Fighting
  2505 | D:4      | Reached skill level 10 in Short Blades
  2505 | D:4      | Reached skill level 5 in Throwing
  2505 | D:4      | Reached XP level 7. HP: 53/53 MP: 6/6
  2933 | D:5      | Entered Level 5 of the Dungeon
  3148 | D:5      | Found a radiant altar of Vehumet.
  3362 | D:5      | Reached XP level 8. HP: 59/59 MP: 7/7
  3874 | D:6      | Noticed Prince Ribbit
  3881 | D:6      | Killed Prince Ribbit
  3968 | D:6      | Found Meonlutt's Book Boutique.
  4067 | D:6      | Found a runed translucent door.
  4070 | D:6      | Found a runed translucent gate.
  4077 | D:6      | Found a runed translucent gate.
  4077 | D:6      | Found a runed translucent gate.
  4085 | D:6      | Found a runed translucent door.
  4095 | D:6      | Found the +9 staff of Olgreb {rPois}
  4224 | D:6      | Noticed Dowan
  4229 | D:6      | Noticed Duvessa
  4238 | D:6      | Killed Dowan
  4248 | D:6      | Killed Duvessa
  4503 | D:6      | Found a glowing golden altar of the Shining One.
  4768 | D:7      | Reached XP level 9. HP: 63/64 MP: 8/8
  5054 | D:7      | Found a staircase to the Ecumenical Temple.
  5089 | Temple   | Entered the Ecumenical Temple
  5254 | Temple   | Became a worshipper of Ashenzari the Shackled
  5372 | D:7      | Found a shadowy altar of Dithmenos.
  5573 | D:8      | Learned a level 3 spell: Spectral Weapon
  5598 | D:8      | Found a white marble altar of Elyvilon.
  5765 | D:8      | Reached skill level 1 in Hexes
  5867 | D:8      | Noticed Maurice
  5869 | D:8      | motherfucker
  5875 | D:8      | Killed Maurice
  5875 | D:8      | Reached XP level 10. HP: 42/73 MP: 9/9
  5970 | D:8      | Reached skill level 1 in Evocations
  5978 | D:8      | Found a staircase to the Lair.
  6183 | D:8      | Found a stormy altar of Qazlal.
  6559 | D:9      | Reached * piety under Ashenzari
  6618 | D:9      | Noticed Joseph
  6623 | D:9      | Noticed Joseph
  6623 | D:9      | Joseph changed into Joseph the blink frog
  6626 | D:9      | Killed Joseph the blink frog
  6663 | D:9      | Noticed Harold
  6673 | D:9      | Killed Harold
  6998 | D:9      | Noticed a two-headed ogre
  7006 | D:9      | Killed a two-headed ogre
  7006 | D:9      | Reached skill level 5 in Evocations
  7006 | D:9      | Reached XP level 11. HP: 78/78 MP: 11/13
  7180 | D:10     | Entered Level 10 of the Dungeon
  7706 | D:10     | Reached ** piety under Ashenzari
  8026 | D:11     | Noticed an unseen horror
  8033 | D:11     | Killed an unseen horror
  8033 | D:11     | Reached skill level 10 in Stealth
  8260 | D:11     | Noticed a purple ugly thing
  8369 | D:11     | Killed a purple ugly thing
  8378 | D:11     | Found Riucumauch's Weapon Shoppe.
  8384 | D:11     | Noticed Josephine
  8391 | D:11     | Killed Josephine
  8410 | D:11     | Hit by a large rock thrown by a cyclops

Levels and vault maps discovered:
D:1:      dpeg_arrival_round_c, layout_loops_corners
D:2:      layout_loops_ring, uniq_terence
D:3:      layout_loops_ring
D:4:      layout_basic, solitary_fountain, hangedman_abyss_or_decor_lesser_grid,
          hex_medium
D:5:      layout_gridville, first_ration, basic_altar
D:6:      layout_loops_ring, tso_altar, serial_shops, shop,
          minmay_guarded_unrand_staff_of_olgreb, uniq_duvessa,
          uniq_prince_ribbit1
D:7:      layout_loops_cross, minmay_temple_entry_gardened_gates, basic_altar,
          grunt_livestock
D:8:      cheibrodos_fertilizer, layout_basic, due_lair_maze_entry_diamond,
          basic_altar, grunt_qazlal_sundering, uniq_maurice
D:9:      layout_long_grid, uniq_joseph, uniq_harold
D:10:     layout_layer_cave
D:11:     layout_roguey, serial_shops, shop, minmay_fractal_squares_gapless_7,
          uniq_josephine
Temple:   minmay_crystal_snake_temple

Skill      XL: |  1  2  3  4  5  6  7  8  9 10 11 |
---------------+----------------------------------+-----
Short Blades   | 3 4 5 7 10 11 12 | 12.0
Fighting       | 5 6 7 |  7.0
Throwing       | 5 6 |  6.0
Dodging        | 6 7 8 |  8.1
Stealth        | 6 8 12 | 12.0
Hexes          | 2 |  2.2
Evocations     | 5 7 |  7.6

Action                   |  1- 3 |  4- 6 |  7- 9 | 10-12 || total
-------------------------+-------+-------+-------+-------++-------
Melee: Dagger            |    93 |   198 |   243 |       ||   534
       Bite              |     7 |    17 |    53 |    29 ||   106
       Short sword       |       |       |   231 |   241 ||   472
Throw: Dart              |     1 |     3 |    10 |     6 ||    20
Invok: Curse Item        |       |       |     1 |     2 ||     3
 Abil: Evoke Invisibilit |       |       |       |     8 ||     8
Evoke: Wand              |       |       |    17 |    41 ||    58
  Use: Scroll            |     4 |     3 |     8 |     2 ||    17
       Potion            |       |     4 |     9 |     2 ||    15
 Stab: Sleeping          |    10 |     1 |     7 |    14 ||    32
       Distracted        |     1 |       |     1 |     4 ||     6
       Paralysed         |       |       |     6 |     7 ||    13
       Invisible         |       |       |    14 |     9 ||    23
Armor: Robe              |    28 |       |       |       ||    28
       Scale mail        |     4 |    61 |   120 |       ||   185
       Skin              |       |    32 |       |       ||    32
       Ring mail         |       |       |    23 |    62 ||    85
Dodge: Dodged            |    34 |    42 |   196 |    99 ||   371

Table legend:
 A = Non-vault XP
 B = Vault XP
 C = Vault XP percentage of total XP
 D = Non-vault monster count
 E = Vault monster count
 F = Vault count percentage of total count
                 A         B        C        D         E       F
            +---------+---------+-------+---------+---------+-------
      Total |   11678 |    7008 |  37.5 |     213 |      45 |  17.4
            +---------+---------+-------+---------+---------+-------
        D:1 |      41 |       0 |   0.0 |      22 |       0 |   0.0
        D:2 |      67 |      36 |  35.0 |      15 |       1 |   6.2
        D:3 |      21 |       0 |   0.0 |      11 |       0 |   0.0
        D:4 |     643 |       0 |   0.0 |      25 |       0 |   0.0
        D:5 |     222 |       0 |   0.0 |      17 |       0 |   0.0
        D:6 |     635 |     506 |  44.3 |      21 |       3 |  12.5
        D:7 |     647 |    1032 |  61.5 |      29 |       5 |  14.7
        D:8 |     217 |    2730 |  92.6 |       7 |      30 |  81.1
        D:9 |    3084 |    1214 |  28.2 |      26 |       2 |   7.1
       D:10 |    2034 |       0 |   0.0 |      25 |       0 |   0.0
       D:11 |    4067 |    1490 |  26.8 |      15 |       4 |  21.1
            +---------+---------+-------+---------+---------+-------
